 Dungeon Crawl Stone Soup version 0.30-a0-465-g8901f6c8b5 (webtiles) character file.

Game seed: 9410597586105257079

596 Corwin the Chopper (level 7, -4/55 HPs)
             Began as a Human Berserker on Dec 17, 2022.
             Was a Priest of Trog.
             Slain by an orc wizard
             ... wielding a +1 dagger of electrocution
              (18 damage)
             ... on level 6 of the Dungeon.
             The game lasted 00:38:22 (4966 turns).

Corwin the Chopper (Human Berserker)                Turns: 4966, Time: 00:38:23

Health: -4/55      AC: 11    Str: 18    XL:     7   Next: 67%
Magic:  7/7        EV:  8    Int:  7    God:    Trog [***...]
Gold:   203        SH:  3    Dex: 16    Spells: 6/6 levels left

rFire   . . .      SeeInvis .    s - +1 hand axe (flame)
rCold   . . .      Faith    .    j - +0 buckler
rNeg    . . .      Spirit   .    r - +0 chain mail
rPois   .          Reflect  .    i - +2 helmet
rElec   .          Harm     .    (no cloak)
rCorr   .          Rampage  .    (no gloves)
Will    ++...                    e - +2 pair of boots
Stlth   ..........               (no amulet)
HPRegen 1.29/turn                (no ring)
MPRegen 0.10/turn                (no ring)

@: strong-willed, corroded, on berserk cooldown, regenerating, slowed, unable to
drink, very slow
A: agile 1, inability to drink after injury 1
a: Renounce Religion, Berserk, Trog's Hand


You were on level 6 of the Dungeon.
You worshipped Trog.
Trog was most pleased with you.
You visited 2 branches of the dungeon, and saw 7 of its levels.
You also visited: Sewer.

You collected 203 gold pieces.

Inventory:

Hand Weapons
 a - a +0 hand axe
 q - a +1 dagger of holy wrath
 s - a +1 hand axe of flaming (weapon)
Armour
 b - a +0 animal skin
 e - a +2 pair of boots (worn)
 h - a +0 ring mail
 i - a +2 helmet (worn)
 j - a +0 buckler (worn)
 r - a +0 chain mail (worn)
Jewellery
 y - a ring of flight
Scrolls
 c - 2 scrolls of blinking {unknown}
 d - a scroll of summoning
 f - 2 scrolls of silence
 t - 4 scrolls of teleportation {unknown}
 u - a scroll of poison
 w - a scroll of fear {unknown}
Potions
 g - a potion of degeneration
 k - a potion of ambrosia {unknown}
 l - a potion of heal wounds {unknown}
 m - a potion of magic {unknown}
 n - 3 potions of cancellation
 o - a potion of haste {unknown}
 p - 3 potions of flight {unknown}
 v - a potion of resistance {unknown}
 x - a potion of mutation


   Skills:
 + Level 4.8 Fighting
 + Level 4.9 Axes
 + Level 4.2 Armour
 + Level 4.2 Dodging


You had 6 spell levels left.
You didn't know any spells.
Your spell library was empty.

Dungeon Overview and Level Annotations

Branches:
Dungeon (6/15)             Temple (1/1) D:4           Sewer (visited)

Altars:
Ashenzari
Fedhas
Okawaru
Qazlal
Ru
Trog
Yredelemnul

Shops:
D:3 =[   D:4 *


Innate Abilities, Weirdness & Mutations

You are agile. (Dex +4, Str/Int -1)
You occasionally lose the ability to drink potions when taking damage.


Message History

Trog accepts your kill.
Trog appreciates your killing of a magic user.
You hit the jelly. You burn the jelly.
You kill the jelly!
Trog accepts your kill.
You hit the iguana but do no damage. You slash the iguana! You burn the iguana.
You kill the iguana!
Trog accepts your kill.
An orc wizard comes into view.
It is wielding a +1 dagger of electrocution.
Found 9 stones.
Found a stone staircase leading up and a stone staircase leading down.
You are no longer berserk.
You are exhausted.
You feel yourself slow down.
Things that are here:
a +0 dagger; a +0 robe; an iguana corpse An orc comes into view.
It is wielding a +0 hand axe.
You hit the orc wizard but do no damage.
The orc wizard hits you but does no damage.
You are electrocuted!
The orc wizard hits you but does no damage.
You are electrocuted!
You feel threatened and lose the ability to drink potions!
You barely miss the orc wizard. The orc wizard closely misses you. x2
You hit the orc wizard. You burn the orc wizard.
The orc wizard is moderately wounded.
You can drink potions again.
The orc wizard hits you but does no damage.
You hit the orc wizard. You burn the orc wizard.
The orc wizard is severely wounded.
You hit the orc but do no damage. The orc hits you but does no damage.
The orc wizard hits you with a +1 dagger of electrocution.
You are electrocuted!
You feel threatened and lose the ability to drink potions!
* * * LOW HITPOINT WARNING * * *
The orc closely misses you.
The orc wizard hits you but does no damage.
You are electrocuted!!
You die...

...........
........
#...... ....#
###...#####
#..<#.(....
#.))#......
#.)))..!...
#..@#.#####
#...oo.#
...).#..#....
.#...#.........
......... .....
..........<....
.>. ...... ....
............


You could see an orc wizard and an orc.

Vanquished Creatures
  2 scorpions
  A jelly (D:6)
  A hound (D:5)
  2 orc priests
  Terence (D:3)
  2 iguanas (D:6)
  2 orc wizards (D:6)
  2 river rats (Sewer)
  5 adders
  2 ufetubi
  4 worms
  3 dart slugs
  13 orcs
  10 endoplasms
  8 giant cockroaches
  2 goblins (D:4)
  6 hobgoblins
  10 kobolds
  4 quokkas
  4 ball pythons
  6 bats
  2 frilled lizards (D:1)
  7 rats
99 creatures vanquished.

Vanquished Creatures (collateral kills)
  A jelly (D:5)
  A hobgoblin (D:2)
2 creatures vanquished.

Vanquished Creatures (others)
  3 plants
3 creatures vanquished.

Grand Total: 104 creatures vanquished

Notes
Turn   | Place    | Note
-------+----------+-------------------------------------------
     0 | D:1      | Corwin the Human Berserker began the quest for the Orb.
     0 | D:1      | Reached XP level 1. HP: 18/18 MP: 1/1
   443 | D:1      | Reached XP level 2. HP: 24/24 MP: 2/2
   619 | D:2      | Reached XP level 3. HP: 25/29 MP: 3/3
   642 | D:2      | Identified the +2 leather armour "Gaufu" {rF+ rN+ Dex-4}
  1303 | D:3      | Found Pitweloh's Armour Shoppe.
  1373 | D:3      | Reached ** piety under Trog
  1374 | D:3      | Reached XP level 4. HP: 34/35 MP: 4/4
  1471 | D:3      | Found Tovigipn's Jewellery Emporium.
  1653 | D:3      | Identified the +5 ring mail of Death's Door {Rampage Will-
                  | Int+7}
  1916 | D:3      | Noticed Terence
  1935 | D:3      | Killed Terence
  1936 | D:3      | Reached XP level 5. HP: 42/42 MP: 5/5
  3026 | D:4      | Found Qusmul's Elemental Accessories.
  3118 | D:4      | Found a staircase to the Ecumenical Temple.
  3122 | Temple   | Entered the Ecumenical Temple
  3315 | D:4      | Reached XP level 6. HP: 40/48 MP: 6/6
  3448 | D:5      | Entered Level 5 of the Dungeon
  3617 | D:5      | Found a glowing drain.
  3628 | Sewer    | Entered a sewer
  3894 | Sewer    | Reached *** piety under Trog
  4026 | D:5      | Gained mutation: You occasionally lose the ability to drink
                  | potions when taking damage. [potion of mutation]
  4026 | D:5      | Gained mutation: You are agile. (Dex +4, Str/Int -1)
                  | [potion of mutation]
  4227 | D:5      | Reached XP level 7. HP: 55/55 MP: 7/7
  4966 | D:6      | Slain by an orc wizard

Illustrated notes

Levels and vault maps discovered:
D:1:      roderic_octagonal_star, layout_basic, serial_bayou_lagoon_a
D:2:      layout_rooms, grunt_ministairs_10, serial_bayou_ford_a, dk_vineyard_1
D:3:      layout_basic, serial_shops, nicolae_shop_behind_doors, shop,
          uniq_terence
D:4:      layout_basic, temple_hall_moat, chequers_decorated_corner,
          nicolae_elemental_shop
D:5:      layout_loops_ring, gup_sewer_entry_bubbles
D:6:      layout_cave_pools, nicolae_shop_i_like_big_books
Temple:   grunt_wide_crystal_templ

Skill      XL: |  1  2  3  4  5  6  7 |
---------------+----------------------+-----
Dodging        | 3 4 |  4.2
Armour         | 3 4 |  4.2
Fighting       | 4 |  4.8
Axes           | 4 |  4.9

Action                   |  1- 3 |  4- 6 |  7- 9 || total
-------------------------+-------+-------+-------++-------
Melee: Hand axe          |    85 |   205 |    18 ||   308
       Punch             |     1 |       |       ||     1
Invok: Berserk           |       |     3 |     1 ||     4
       Trog's Hand       |       |       |     1 ||     1
  Use: Scroll            |     2 |     8 |     1 ||    11
       Potion            |     2 |     4 |       ||     6
 Stab: Sleeping          |     1 |     1 |       ||     2
Armor: Animal skin       |    50 |    11 |       ||    61
       Chain mail        |       |    87 |    16 ||   103
Dodge: Dodged            |    62 |    81 |    12 ||   155
Block: Buckler           |       |    22 |     5 ||    27

Table legend: (Time is in decaauts)
 A = Elapsed time spent in this place.
 B = Non-inter-level travel time spent in this place.
 C = Inter-level travel time spent in this place.
 D = Time resting spent in this place.
 E = Time spent auto-exploring this place.
 F = Levels seen in this place.
 G = Mean time per level.
                   A        B        C        D        E       F      G
               +--------+--------+--------+--------+--------+-----+--------+
         Total |   5149 |   4804 |    345 |    716 |   2684 |   8 |  643.6 |
       Dungeon |   4745 |   4400 |    345 |    716 |   2586 |   6 |  790.8 |
        Temple |     15 |     15 |      0 |      0 |      0 |   1 |   15.0 |
         Sewer |    388 |    388 |      0 |      0 |     97 |   1 |  388.0 |
               +--------+--------+--------+--------+--------+-----+--------+

Top non-repeatable levels by time:
     D:4: 1407 daAuts
     D:3: 1052 daAuts
     D:5: 897 daAuts
     D:2: 726 daAuts
     D:1: 642 daAuts
   Sewer: 388 daAuts
     D:6: 19 daAuts
  Temple: 15 daAuts
